Map: Nightshade LE

Players

KìììÂ

  • Race: Protoss Protoss
  • League: Diamond
  • Spawn Location: 11:00

FabioFazio - Winner!

  • Race: Zerg Zerg
  • League: Master
  • Spawn Location: 5:00

VOD

Have the link to the VOD?

Description

Time

  • Played on: Dec. 15, 2019, 11:37 p.m.
  • Length: 3:45
Show
View Real Time Build Order
Export as new Build Order

Kììì Protoss 

Build Orders: 1 Gate Expand 

Get SALT Encoding   

  12  0:02  Probe  
  13  0:14  Probe  
  14  0:21  Pylon  
  14  0:26  Probe  
  15  0:39  Probe  
  16  0:47  Gateway  
  16  0:51  Probe  
  17  1:03  Probe  
  18  1:22  Nexus  
  18  1:28  Pylon  
  18  1:35  Cybernetics Core  
  18  1:38  Zealot  
  20  1:44  Assimilator  
  21  1:47  Probe  
  21  2:02  Probe  
  22  2:28  Adept (Chrono Boost)  
  24  2:32  Pylon  
  22  2:40  Pylon  
  22  2:53  Probe  
  22  2:54  Probe  
  24  3:00  Adept (Chrono Boost)  
  26  3:05  Probe  
  26  3:06  Probe  
  28  3:18  Probe x2  
  30  3:22  Robotics Facility  
  30  3:23  Nexus  
  30  3:27  Assimilator  
  30  3:30  Probe  
Show
View Real Time Build Order
Export as new Build Order

FabioFazio Zerg - Winner!

Build Orders: Pool First 

Get SALT Encoding   

  12  0:01  Drone  
  13  0:12  Overlord  
  13  0:16  Drone  
  14  0:31  Drone x2  
  14  0:35  Drone  
  17  0:45  Extractor  
  17  0:46  Spawning Pool  
  17  0:49  Drone  
  16  0:56  Drone  
  17  1:15  Hatchery  
  16  1:32  Zergling x6  
  19  1:39  Roach Warren  
  18  1:50  Queen  
  20  2:00  Overlord  
  20  2:25  Roach x3  
  26  2:34  Drone  
  27  2:40  Drone x2  
  28  2:50  Queen  
  30  2:54  Ravager x2  
  32  3:05  Ravager  
  32  3:06  Drone x4  
  32  3:08  Drone  
  36  3:21  Overlord  
Tags
 
Add a new tag
Caveats
  • Supply blocks, unpowered buildings, or Contaminate may cause inaccurate times.
  • Supply counts are checked every 10 seconds.